 Dungeon Crawl Stone Soup version 0.31-a0-198-g2ad674f65e (webtiles) character file.

Game seed: 4029637407992772777

14 qw the Shooter (level 2, -3/16 HPs)
             Began as a Deep Elf Hunter on June 25, 2023.
             Slain by Terence
             ... wielding a +0 trident
              (8 damage)
             ... on level 1 of the Dungeon.
             The game lasted 00:00:11 (827 turns).

qw the Shooter (Deep Elf Hunter)                     Turns: 827, Time: 00:00:11

Health: -3/16      AC:  5    Str:  8    XL:     2   Next: 31%
Magic:  4/4        EV: 10    Int: 13    God:
Gold:   64         SH:  0    Dex: 18    Spells: 1/1 levels left

rFire   . . .        Y - +1 shortbow
rCold   . . .        (shield currently unavailable)
rNeg    . . .        i - +0 ring mail
rPois   .            (no helmet)
rElec   .            (no cloak)
rCorr   .            (no gloves)
SInv    .            (no boots)
Will    .....        (no amulet)
Stlth   +            (no ring)
HPRegen 0.22/turn    (no ring)
MPRegen 0.09/turn

%: no passive effects
@: weak-willed
A: no striking features
a: no special abilities


You were on level 1 of the Dungeon.
You visited 1 branch of the dungeon, and saw 2 of its levels.

You collected 64 gold pieces.


   Skills:
 - Level 1.5 Fighting
 + Level 6.1 Ranged Weapons
 - Level 2.4 Dodging
 - Level 1.2 Stealth


You had one spell level left.
You didn't know any spells.
Your spell library was empty.

Inventory:

Hand Weapons
 Y - a +1 shortbow (weapon)
Armour
 i - a +0 ring mail (worn)
Scrolls
 a - a scroll of teleportation
Potions
 g - a potion of enlightenment {unknown}
 h - a potion of haste {unknown}
 k - a potion of curing {unknown}

Dungeon Overview and Level Annotations

Branches:
Dungeon (2/15)

Altars:

Shops:
D:1 =

Annotations:
D:1 Terence


Message History

It was a scroll of fog.
Done exploring.
807 ||| READING 3 scrolls labelled EXZERCHUERCH.
As you read the scroll labelled EXZERCHUERCH, it crumbles to dust.
Magic quickly surges around you.
It was a scroll of vulnerability.
Done exploring.
808 ||| READING scroll labelled UMPIMYEDWE.
As you read the scroll labelled UMPIMYEDWE, it crumbles to dust.
It is a scroll of enchant armour.
Really abort (and waste the scroll)?
Done exploring.
809 ||| DROPPING scroll of butterflies.
You drop a scroll of butterflies.
Done exploring.
810 ||| DROPPING 2 scrolls of vulnerability.
You drop 2 scrolls of vulnerability.
Done exploring.
(D) Dungeon
Where to? (* - list waypoints, ? - help)
What level of the Dungeon? (default 1, ? - help)
There is a stone staircase leading down here.
You climb downwards.
Found a scroll labelled LATHROONOIV.
Found a stone staircase leading down.
There is a stone staircase leading up here.
Terence is nearby!
Waypoint 1 assigned to D:2.
You shoot an arrow.
The arrow hits Terence but does no damage.
Terence shouts!
Terence barely misses you.
You shoot an arrow. The arrow barely misses Terence.
Terence hits you with a +0 trident.
825 ||| STAIRDANCE Terence hits you with a +0 trident!
Ouch! That really hurt!
You climb upwards.
There is a stone staircase leading down here.
You shoot an arrow. The arrow hits Terence.
Terence is lightly wounded.
Terence hits you with a +0 trident!
Ouch! That really hurt!
You die...

#....#..¤¤##¤.....#.#
####..¤...##.#.####.#
###.¤..##.#......#
#######..........#####
......##.#.......#
......#....###...#
......#....# #...#
......#....# #..@###
......##.#.###..@..#######
......'..#.#.....#.......#
......####.#.#.#...#####.#
####### #.#.#.#....####.#
# #.#.............# #
#.#.........##### #
#...........# #
#############.#### #
#................#


You could see Terence.

Vanquished Creatures
  2 ball pythons (D:1)
  2 bats (D:1)
  A giant cockroach (D:1)
  A kobold (D:1)
  2 quokkas (D:1)
  A frilled lizard (D:1)
  2 goblins (D:1)
  A rat (D:1)
12 creatures vanquished.

Notes
Turn   | Place    | Note
-------+----------+-------------------------------------------
     0 | D:1      | qw the Deep Elf Hunter began the quest for the Orb.
     0 | D:1      | Reached XP level 1. HP: 12/12 MP: 3/3
     0 | D:1      | 0 ||| qw: Version: 0.3-a-22-g0ed2b0b
     0 | D:1      | 0 ||| qw: Game counter: 4967
     0 | D:1      | 0 ||| qw: Melee chars always use a shield: true
     0 | D:1      | 0 ||| qw: God list: Okawaru
     0 | D:1      | 0 ||| qw: Allow faded altars: false
     0 | D:1      | 0 ||| qw: Do Orc after clearing Dungeon:15 true
     0 | D:1      | 0 ||| qw: Do second Lair branch before Depths: true
     0 | D:1      | 0 ||| qw: Lair rune preference: random
     0 | D:1      | 0 ||| qw: Goals: Normal
     0 | D:1      | 0 ||| PLANNING D:1-11
    72 | D:1      | Found Ryblesid's Jewellery Emporium.
    85 | D:1      | 85 ||| SHOPLISTING Hermit's Pendant {Faith Invo=14 Evo=0
                  | MP+5} (690 gold, have 27).
    85 | D:1      | 85 ||| SHOPLISTING amulet of the acrobat (360 gold, have
                  | 27).
    85 | D:1      | 85 ||| SHOPLISTING ring of Jeghuuwy {Fly rPois Str+2
                  | Slay+4} (1146 gold, have 27).
    85 | D:1      | 85 ||| SHOPLISTING ring of poison resistance (240 gold,
                  | have 27).
    85 | D:1      | 85 ||| SHOPLISTING ring of protection from fire (300 gold,
                  | have 27).
    85 | D:1      | 85 ||| SHOPLISTING ring of resist corrosion (240 gold, have
                  | 27).
   354 | D:1      | Reached XP level 2. HP: 16/16 MP: 4/4
   372 | D:1      | Reached skill level 6 in Ranged Weapons
   789 | D:1      | 789 ||| UPGRADING to +0 ring mail.
   799 | D:1      | 799 ||| DROPPING +0 leather armour.
   800 | D:1      | 800 ||| READING 2 scrolls labelled WEMAGY AKOLLE.
   805 | D:1      | 805 ||| READING scroll labelled ARGHYE CU RYTAL.
   806 | D:1      | 806 ||| READING scroll labelled DIUPSI TUISAGG.
   807 | D:1      | 807 ||| READING 3 scrolls labelled EXZERCHUERCH.
   808 | D:1      | 808 ||| READING scroll labelled UMPIMYEDWE.
   809 | D:1      | 809 ||| DROPPING scroll of butterflies.
   810 | D:1      | 810 ||| DROPPING 2 scrolls of vulnerability.
   822 | D:2      | Noticed Terence
   825 | D:2      | 825 ||| STAIRDANCE
   825 | D:2      | HP: 4/16 [Terence/+0 trident (10)]
   827 | D:1      | Slain by Terence

Levels and vault maps discovered:
D:1:      dpeg_arrival_pond, layout_basic, serial_shops,
          nicolae_shop_hallway_plus, hangedman_feature_mirror
D:2:      layout_rooms, serial_shops, nicolae_shop_back_alley_shop,
          uniq_natasha, uniq_terence, uniq_crazy_yiuf_cottage

Skill      XL: |  1  2 |
---------------+-------+-----
Ranged Weapons | 6 |  6.1
Fighting       | |  1.5
Dodging        | |  2.4
Stealth        | |  1.2

Action                     || total
---------------------------++-------
   Fire: Shortbow          ||    28
    Use: Scroll            ||     5
 Armour: Leather armour    ||     2
  Dodge: Dodged            ||     3

Table legend:
 A = Non-vault XP
 B = Vault XP
 C = Vault XP percentage of total XP
 D = Non-vault monster count
 E = Vault monster count
 F = Vault count percentage of total count
                 A         B        C        D         E       F
            +---------+---------+-------+---------+---------+-------
      Total |      21 |       0 |   0.0 |      12 |       0 |   0.0
            +---------+---------+-------+---------+---------+-------
        D:1 |      21 |       0 |   0.0 |      12 |       0 |   0.0
            +---------+---------+-------+---------+---------+-------
